 Dungeon Crawl Stone Soup version 0.30-a0-335-ge5acde7520 (webtiles) character file.

Game seed: 2552490602654672989

121 Harunobu the Trooper (level 5, -4/34 HPs)
             Began as a Gargoyle Monk on Oct 30, 2022.
             Was a Believer of Okawaru.
             Slain by a wight
             ... wielding a +0 flail
              (9 damage)
             ... on level 4 of the Dungeon.
             The game lasted 00:05:35 (2786 turns).

Harunobu the Trooper (Gargoyle Monk)                Turns: 2786, Time: 00:05:36

Health: -4/34      AC: 14    Str: 17    XL:     5   Next: 5%
Magic:  5/5        EV: 10    Int: 10    God:    Okawaru [**....]
Gold:   201        SH:  0    Dex: 12    Spells: 4/4 levels left

rFire   . . .      SeeInvis .    s - +1 dagger (venom)
rCold   . . .      Faith    .    (no shield)
rNeg    + . .      Spirit   .    q - +0 scale mail
rPois   ∞          Reflect  .    (no helmet)
rElec   +          Harm     .    (no cloak)
rCorr   .          Rampage  .    (no gloves)
Will    .....                    (no boots)
Stlth   +.........               (no amulet)
HPRegen 0.25/turn                k - +4 ring of protection
MPRegen 0.09/turn                (no ring)

@: no status effects
A: sickness immunity, AC +4, negative energy resistance 1, electricity
resistance, torment resistance 1, petrification resistance
a: Renounce Religion, Heroism


You were on level 4 of the Dungeon.
You worshipped Okawaru.
Okawaru was pleased with you.
You visited 2 branches of the dungeon, and saw 6 of its levels.

You collected 201 gold pieces.

Inventory:

Hand Weapons
 n - a +0 short sword of draining
 s - a +1 dagger of venom (weapon)
Missiles
 w - a throwing net (quivered)
Armour
 q - a +0 scale mail (worn)
Jewellery
 k - a +4 ring of protection (left hand)
 t - a ring of fire
Scrolls
 e - 6 scrolls of teleportation {unknown}
 h - a scroll of fog {unknown}
 i - 4 scrolls of identify {unknown}
 l - a scroll of silence {unknown}
 m - 2 scrolls of magic mapping {unknown}
 o - a scroll of enchant weapon {unknown}
 p - a scroll of poison {unknown}
 r - a scroll of vulnerability {unknown}
 u - a scroll of blinking {unknown}
 x - a scroll of amnesia {unknown}
Potions
 a - a potion of resistance {unknown}
 b - a potion of magic {unknown}
 c - 3 potions of ambrosia
 d - 4 potions of curing {unknown}
 f - 3 potions of brilliance {unknown}
 g - a potion of lignification {unknown}
 j - a potion of berserk rage {unknown}
 v - a potion of heal wounds {unknown}


   Skills:
 + Level 4.4 Fighting
 - Level 3.0 Maces & Flails
 + Level 3.3 Dodging
 + Level 3.9 Stealth


You had 4 spell levels left.
You didn't know any spells.
Your spell library contained the following spells:

 Spells                   Type           Power      Damage    Failure   Level
 Poisonous Vapours        Pois/Air       0%         N/A       91%         2
 Mephitic Cloud           Conj/Pois/Air  0%         N/A       99%         3
 Cigotuvi's Dreadful Rot  Necr/Pois/Air  Unusable   N/A       N/A         2

Dungeon Overview and Level Annotations

Branches:
Dungeon (5/15)             Temple (1/1) D:5

Altars:
Elyvilon
Kikubaaqudgha
Nemelex Xobeh
Okawaru
Uskayaw
Wu Jian

Shops:
D:2 (

Annotations:
D:3 1 runed translucent door, ouz's ghost, amateur GnWr
D:4 Grinder


Innate Abilities, Weirdness & Mutations

You are immune to sickness and miasma.
Your stone body is resilient. (AC +4)
You are immune to poison.
You resist negative energy. (rN+)
You are resistant to electric shocks. (rElec)
You are resistant to unholy torment.
You are immune to petrification.


Message History

You hit the wight.
The wight is moderately damaged.
The wight barely misses you. The wight hits you but does no damage.
You hit the wight.
The wight is moderately damaged.
The wight closely misses you. The wight hits you but does no damage.
You closely miss the wight.
The wight is moderately damaged.
The wight hits you but does no damage. The wight hits you with a +0 flail.
* * * LOW HITPOINT WARNING * * *
You barely miss the wight.
The wight is moderately damaged.
The wight hits you but does no damage. The wight barely misses you.
The wight attacks as you move away! The wight hits you with a +0 flail.
* * * LOW HITPOINT WARNING * * *
The wight attacks as you move away! The wight closely misses you.
The wight attacks as you move away! The wight barely misses you.
The wight attacks as you move away! The wight hits you but does no damage.
The wight attacks as you move away! The wight barely misses you.
The wight attacks as you move away! The wight hits you with a +0 flail.
* * * LOW HITPOINT WARNING * * *
The wight attacks as you move away! The wight hits you with a +0 flail!
* * * LOW HITPOINT WARNING * * *
The wight attacks as you move away! The wight hits you but does no damage.
The wight attacks as you move away! The wight hits you but does no damage.
A wight comes into view. It is wielding a +0 scimitar.
The wight attacks as you move away! The wight completely misses you.
There is a stone staircase leading up here.
The wight barely misses you.
You climb upwards.
Level annotation: Grinder
There is a stone staircase leading down here.
The wight attacks as you move away! The wight barely misses you.
The wight attacks as you move away! The wight hits you but does no damage.
The wight attacks as you move away! The wight hits you but does no damage.
The wight attacks as you move away! The wight hits you with a +0 flail.
* * * LOW HITPOINT WARNING * * *
The wight attacks as you move away! The wight hits you but does no damage.
The wight attacks as you move away! The wight hits you with a +0 flail!
You die...

##......# ........#####...# #
###.....########.####...##..### #
...#.(.......(..............#####
.#........######.######..#......#
............................5##.#
###.#####.....##.#######..#......
#.### #####.##.##.<....##..##..
#...# #.##.#..########.##..
#####.#######...@..## #..#..
...............<#z.# #####.#.#
#####..######...#..# ##........
##.### ####...# ##......... #...#
#..## #.......... ###.# #..#
#.......... #.#### #..#
#.......... #....####..##
#.>........ ####...##...##
#..........


You could see a wight.

Vanquished Creatures
  An adder (D:2)
  A white imp (D:5)
  A worm (D:2)
  3 dart slugs
  6 orcs
  11 ball pythons
  2 bats
  7 endoplasms
  3 giant cockroaches
  5 goblins
  6 hobgoblins
  16 jackals
  4 quokkas
  4 frilled lizards
  4 kobolds
  2 rats (D:1)
76 creatures vanquished.

Vanquished Creatures (others)
  4 plants (D:2)
4 creatures vanquished.

Grand Total: 80 creatures vanquished

Notes
Turn   | Place    | Note
-------+----------+-------------------------------------------
     0 | D:1      | Harunobu the Gargoyle Monk began the quest for the Orb.
     0 | D:1      | Reached XP level 1. HP: 14/14 MP: 1/1
   118 | D:1      | Reached XP level 2. HP: 18/19 MP: 2/2
   315 | D:1      | Reached XP level 3. HP: 21/24 MP: 3/3
   815 | D:1      | Found a faded altar of an unknown god.
  1115 | D:2      | Reached skill level 4 in Fighting
  1166 | D:2      | Reached XP level 4. HP: 26/29 MP: 4/4
  1202 | D:2      | Found Emunwu's Weapon Shoppe.
  1935 | D:3      | Found a runed translucent door.
  1935 | D:3      | Noticed ouz's ghost (amateur GnWr)
  2227 | D:4      | Noticed Grinder
  2346 | D:4      | Paralysed by Grinder for 2 turns
  2550 | D:4      | Paralysed by Grinder for 5 turns
  2557 | D:4      | Noticed a human
  2587 | D:5      | Entered Level 5 of the Dungeon
  2587 | D:5      | Found a staircase to the Ecumenical Temple.
  2597 | D:5      | Reached XP level 5. HP: 33/34 MP: 5/5
  2607 | Temple   | Entered the Ecumenical Temple
  2655 | Temple   | Became a worshipper of Warmaster Okawaru
  2655 | Temple   | Reached * piety under Okawaru
  2655 | Temple   | Reached ** piety under Okawaru
  2786 | D:4      | Slain by a wight

Illustrated notes

Levels and vault maps discovered:
D:1:      lemuel_arrival_muddy, layout_basic, chequers_ecumenical_altar_grove
D:2:      layout_loops_ring, serial_shops, nicolae_shop_bloodbath_and_beyond,
          serial_bayou_ford_a
D:3:      layout_rooms, hellmonk_ghost_happy_afterlife
D:4:      layout_rooms, dk_yredelemnul_ordeal, minmay_crystal_water,
          goddamned_bats, uniq_grinder
D:5:      layout_loops_ring, mainiacjoe_overflow_alcove_1,
          nicolae_overflow_hidden_temple, temple_fountains, serial_shops, shop,
          minmay_joined_circles
Temple:   hc_temple_tempest_star

Skill      XL: |  1  2  3 |
---------------+----------+-----
Stealth        | 3 |  3.9
Fighting       | 4 |  4.4
Dodging        | 3 |  3.3
Maces & Flails | |  3.0

Action                   |  1- 3 |  4- 6 || total
-------------------------+-------+-------++-------
Melee: Mace              |    92 |    27 ||   119
       Punch             |     1 |       ||     1
       Short sword       |       |    64 ||    64
       Dagger            |       |    67 ||    67
 Stab: Sleeping          |     2 |     5 ||     7
Armor: Robe              |    24 |    21 ||    45
       Scale mail        |       |    66 ||    66
Dodge: Dodged            |    68 |    88 ||   156

Table legend: (Time is in decaauts)
 A = Elapsed time spent in this place.
 B = Non-inter-level travel time spent in this place.
 C = Inter-level travel time spent in this place.
 D = Time resting spent in this place.
 E = Time spent auto-exploring this place.
 F = Levels seen in this place.
 G = Mean time per level.
                   A        B        C        D        E       F      G
               +--------+--------+--------+--------+--------+-----+--------+
         Total |   2830 |   2681 |    149 |    334 |   1449 |   6 |  471.7 |
       Dungeon |   2765 |   2631 |    134 |    334 |   1420 |   5 |  553.0 |
        Temple |     64 |     49 |     15 |      0 |     29 |   1 |   64.0 |
               +--------+--------+--------+--------+--------+-----+--------+

Top non-repeatable levels by time:
     D:1: 1058 daAuts
     D:2: 786 daAuts
     D:3: 500 daAuts
     D:4: 309 daAuts
     D:5: 111 daAuts
  Temple: 64 daAuts
